 Dungeon Crawl Stone Soup version 0.19.1-1-g22dce08 (webtiles) character file.

227 Angani the Spear-Bearer (level 6, -8/44 HPs)
             Began as a Merfolk Gladiator on Jan 2, 2017.
             Was a Follower of Uskayaw.
             Killed from afar by an oklob plant (14 damage)
             ... with a splash of acid
             ... on level 3 of the Dungeon on Jan 3, 2017.
             The game lasted 00:07:29 (3062 turns).

Angani the Spear-Bearer (Merfolk Gladiator)         Turns: 3062, Time: 00:07:29

Health: -8/44      AC:  0    Str: 15    XL:     6   Next: 2%
Magic:  6/6        EV: 14    Int:  8    God:    Uskayaw [*.....]
Gold:   139        SH:  0    Dex: 16    Spells: 0 memorised, 5 levels left

rFire  . . .     SeeInvis .     a - +0 trident
rCold  . . .     Gourm    .     b - +0 leather armour
rNeg   . . .     Faith    .     (no shield)
rPois  .         Spirit   .     c - +0 helmet
rElec  .         Reflect  .     (no cloak)
rCorr  .         Harm     .     (no gloves)
MR     .....                    (no boots)
Stlth  +.........               (no amulet)
                                (no ring)
                                (no ring)

@: corroded
A: change form in water, swift swim, stealthy swim
a: Stomp, Renounce Religion


You were on level 3 of the Dungeon.
You worshipped Uskayaw.
Uskayaw was noncommittal.
You were hungry.

You visited 1 branch of the dungeon, and saw 3 of its levels.

You collected 139 gold pieces.

Inventory:

Hand Weapons
 a - a +0 trident (weapon)
Missiles
 d - 3 throwing nets (quivered)
Armour
 b - a +0 leather armour (worn)
 c - a +0 helmet (worn)
Jewellery
 h - an uncursed amulet of faith {unknown}
 m - an uncursed amulet of guardian spirit {unknown}
 r - an uncursed ring of magical power {unknown}
Wands
 v - a wand of acid (9/15)
Scrolls
 e - a scroll of immolation {unknown}
 g - 3 scrolls of identify {unknown}
 k - a scroll of enchant armour {unknown}
 o - a scroll of teleportation {unknown}
 p - a scroll of noise {unknown}
 q - a scroll of fog {unknown}
 s - a scroll of magic mapping {unknown}
 u - a scroll of random uselessness {unknown}
 w - 2 scrolls of amnesia {unknown}
 x - a scroll of remove curse {unknown}
Potions
 i - a potion of ambrosia {unknown}
 l - a potion of heal wounds {unknown}
 n - 3 potions of cancellation {unknown}
Comestibles
 f - 2 bread rations
 j - 3 meat rations
 z - a beef jerky


   Skills:
 - Level 2.1 Fighting
 + Level 9.3 Polearms
 - Level 2.0 Throwing
 - Level 4.0 Dodging


You had 5 spell levels left.
You didn't know any spells.

Dungeon Overview and Level Annotations

Branches:
Dungeon (3/15)

Altars:
Fedhas
Kikubaaqudgha
Makhleb
Nemelex Xobeh
Trog
Uskayaw

Annotations:
D:3 exclusion: oklob plant


Message History

The oklob plant is lightly damaged.
You hit the oklob plant but do no damage.
The oklob plant is lightly damaged.
You hit the oklob plant.
The oklob plant is lightly damaged.
You hit the oklob plant but do no damage.
The oklob plant is lightly damaged.
You hit the oklob plant.
The oklob plant is moderately damaged.
The oklob plant spits acid at you. The splash of acid hits you!
The acid corrodes you!
You are splashed with acid!
The acid burns!
* * * LOW HITPOINT WARNING * * *
You hit the oklob plant but do no damage.
The oklob plant is moderately damaged.
You hit the oklob plant.
The oklob plant is moderately damaged.
The oklob plant spits acid at you. The splash of acid hits you!
You die... ## ##.#.##.########.# .######<#.............# .....##.###.#.########### .###.##.##.###..........# ## #.##.#.## ##.#######.# # ################# #.# ## ♣.P♣PPPP♣PPPPP♣# #.# #.
PP #PPP♣PP.PP#.PPP#

#.########.
PP#♣PP#P♣.PP%.@%♣P###..........
P#PPP.PP#.PP.PPP.%P#...########.
PPP♣PP.......PPPPPP####.# #.
PPPPP..≈≈.≈≈..P#PP♣P# #.# ##
PPP...≈≈≈.≈≈≈..♣#♣PP###.#######
PPP..≈≈≈≈.≈≈≈≈..P#PP#.........#
PP..≈≈≈≈≈.≈≈≈≈≈.PP.P#.#..####.#
#♣..≈≈≈≈...≈≈≈≈.#PPP#.##.# #.###
P#..≈≈≈≈._.≈≈≈≈.PPPP#.##.# #....


You could see an oklob plant.

Vanquished Creatures
  The ghost of sheala the Sneak, a weakling DEEn (D:3)
  An orc wizard (D:3)
  Robin (D:2)
  2 adders
  An ooze (D:2)
  4 dart slugs
  4 leopard geckos
  10 orcs (D:3)
  4 giant cockroaches
  20 goblins
  15 hobgoblins
  4 jackals (D:3)
  A quokka (D:2)
  3 ball pythons
  11 bats
  4 frilled lizards
  10 kobolds
  5 rats
  A fungus (D:3)
102 creatures vanquished.

Vanquished Creatures (others)
  A giant cockroach (D:1)
1 creature vanquished.

Grand Total: 103 creatures vanquished

Notes
Turn   | Place    | Note
-------+----------+-------------------------------------------
     0 | D:1      | Angani the Merfolk Gladiator began the quest for the Orb.
     0 | D:1      | Reached XP level 1. HP: 16/16 MP: 1/1
   104 | D:1      | Reached skill level 5 in Polearms
   133 | D:1      | Reached XP level 2. HP: 20/22 MP: 2/2
   307 | D:1      | Reached skill level 6 in Polearms
   307 | D:1      | Reached XP level 3. HP: 26/27 MP: 3/3
  1056 | D:2      | Noticed Robin
  1077 | D:2      | Reached XP level 4. HP: 24/33 MP: 4/4
  1080 | D:2      | Reached skill level 7 in Polearms
  1103 | D:2      | Killed Robin
  1834 | D:2      | Found a sparkling altar of Nemelex Xobeh.
  1834 | D:2      | Found a burning altar of Makhleb.
  1834 | D:2      | Found a hide-covered altar of Uskayaw.
  1835 | D:2      | Found an ancient bone altar of Kikubaaqudgha.
  1848 | D:2      | Became a worshipper of Uskayaw the Reveler
  1879 | D:2      | Reached * piety under Uskayaw
  2259 | D:3      | Reached ** piety under Uskayaw
  2264 | D:3      | Reached skill level 8 in Polearms
  2265 | D:3      | Reached XP level 5. HP: 23/38 MP: 0/5
  2749 | D:3      | Found a bloodstained altar of Trog.
  2846 | D:3      | Reached skill level 9 in Polearms
  3010 | D:3      | Found a blossoming altar of Fedhas.
  3019 | D:3      | Noticed sheala's ghost (weakling DEEn)
  3028 | D:3      | Killed sheala's ghost
  3028 | D:3      | Reached XP level 6. HP: 44/44 MP: 6/6
  3033 | D:3      | Noticed an oklob plant
  3062 | D:3      | Killed from afar by an oklob plant

Skill      XL: |  1  2  3  4  5 |
---------------+----------------+-----
Polearms       | 5 6 8 9 |  9.3
Fighting       | |  2.1
Throwing       | |  2.0
Dodging        | |  4.0

Action                   |  1- 3 |  4- 6 || total
-------------------------+-------+-------++-------
Melee: Trident           |   140 |   230 ||   370
Invok: Line Pass         |       |     1 ||     1
  Use: Potion            |       |     3 ||     3
 Stab: Sleeping          |     2 |     2 ||     4
       Confused          |       |     1 ||     1
  Eat: Chunk             |     1 |     6 ||     7
Armor: Leather armour    |    39 |    38 ||    77
Dodge: Dodged            |    86 |   119 ||   205
